 Dungeon Crawl Stone Soup version 0.18-a0-921-g28655ce (webtiles) character file.

104 Duffy the Shooter (level 4, -3/31 HPs)
             Began as a High Elf Hunter on Dec 27, 2015.
             Slain by JokEr's ghost (9 damage)
             ... on level 4 of the Dungeon.
             The game lasted 00:03:00 (3944 turns).

Duffy the Shooter (High Elf Hunter)                 Turns: 3944, Time: 00:03:00

Health: -3/31      AC:  8    Str: 12    XL:     4   Next: 52%
Magic:  5/5        EV: 12    Int: 15    God:
Gold:   201        SH:  0    Dex: 15    Spells: 0 memorised, 3 levels left

rFire  . . .     SeeInvis .     a - +1 shortbow
rCold  . . .     Gourm    .     n - +0 ring mail
rNeg   + . .     Faith    .     (shield currently unavailable)
rPois  .         Spirit   .     h - +2 helmet
rElec  .         Dismiss  .     (no cloak)
rCorr  .         Reflect  .     (no gloves)
SustAt .         Harm     .     (no boots)
MR     .....                    (no amulet)
Stlth  ++........               l - ring of stealth
                                i - ring of positive energy

@: not resistant to hostile enchantments, unstealthy
A: no striking features
a: no special abilities


You were on level 4 of the Dungeon.
You were hungry.

You visited 1 branch of the dungeon, and saw 4 of its levels.

You collected 201 gold pieces.


   Skills:
 + Level 3.0 Fighting
 + Level 6.1 Bows
 + Level 3.7 Dodging
 - Level 1.5 Stealth


You had 3 spell levels left.
You didn't know any spells.

Inventory:

Hand Weapons
 a - a +1 shortbow (weapon)
 b - a +0 short sword
 s - a +0 blowgun
Missiles
 g - 34 poisoned needles
Armour
 h - a +2 helmet (worn)
 n - a +0 ring mail (worn)
 t - a +0 chain mail
Jewellery
 i - a ring of positive energy (left hand)
 l - a ring of stealth (right hand)
Scrolls
 c - 4 scrolls of identify {unknown}
 e - 2 scrolls of teleportation {unknown}
 r - 2 scrolls of remove curse {unknown}
Potions
 k - a potion of haste {unknown}
 m - 2 potions of flight {unknown}
 o - 2 potions of curing
 q - a potion of brilliance {unknown}
Comestibles
 f - 3 bread rations
 u - a meat ration

Dungeon Overview and Level Annotations

Branches:
Dungeon (4/15)
 Temple: D:4-7

Altars:

Annotations:
D:4 JokEr's ghost, novice FoAK


Message History

Firing (i - inventory. (,) - cycle):
d - an arrow (quivered)
Press: ? - help, Shift-Dir - straight line, f/p - JokEr's ghost
Aim: JokEr's ghost (heavily damaged)
You shoot an arrow. The arrow misses JokEr's ghost.
JokEr's ghost hits you.
Throwing (i - inventory):
j - 4 javelins of penetration (quivered)
Press: ? - help, Shift-Dir - straight line, f/p - JokEr's ghost
Aim: JokEr's ghost (heavily damaged)
You throw a javelin of penetration.
The javelin of penetration pierces through JokEr's ghost.
JokEr's ghost is severely damaged.
JokEr's ghost closely misses you.
Throwing (i - inventory):
j - 3 javelins of penetration (quivered)
Press: ? - help, Shift-Dir - straight line, f/p - JokEr's ghost
Aim: JokEr's ghost (severely damaged)
You throw a javelin of penetration.
The javelin of penetration misses JokEr's ghost.
JokEr's ghost misses you.
Throwing (i - inventory):
j - 2 javelins of penetration (quivered)
Press: ? - help, Shift-Dir - straight line, f/p - JokEr's ghost
Aim: JokEr's ghost (severely damaged)
You throw a javelin of penetration.
The javelin of penetration closely misses JokEr's ghost.
JokEr's ghost hits you.
Throwing (i - inventory):
j - a javelin of penetration (quivered)
Press: ? - help, Shift-Dir - straight line, f/p - JokEr's ghost
Aim: JokEr's ghost (severely damaged)
You throw a javelin of penetration.
The javelin of penetration barely misses JokEr's ghost.
JokEr's ghost hits you but does no damage.
Firing (i - inventory): No suitable missiles.
Press: ? - help, Shift-Dir - straight line, f/p - JokEr's ghost
Aim: JokEr's ghost (heavily damaged)
Okay, then.
JokEr's ghost hits you!
You die...

.....####
#.... ##...#
##...# #...
#...##
#...<##
##...W.###
#...<@...####
#..######...#
#..##
####$..# ..
## .


You could see JokEr's ghost.

Action                   |  1- 3 |  4- 6 || total
-------------------------+-------+-------++-------
Melee: Short sword       |   173 |    83 ||   256
 Fire: Shortbow          |     7 |    17 ||    24
       Blowgun           |       |     7 ||     7
Throw: Javelin           |       |     4 ||     4
 Stab: Sleeping          |     6 |     3 ||     9
  Eat: Chunk             |     6 |     3 ||     9

Notes
Turn   | Place    | Note
--------------------------------------------------------------
     0 | D:1      | Duffy the High Elf Hunter began the quest for the Orb.
     0 | D:1      | Reached XP level 1. HP: 14/14 MP: 2/2
   258 | D:1      | Reached XP level 2. HP: 8/19 MP: 3/3
  1807 | D:2      | Reached skill level 3 in Dodging
  1807 | D:2      | Reached XP level 3. HP: 7/25 MP: 4/4
  2877 | D:2      | Reached XP level 4. HP: 30/30 MP: 5/5
  3111 | D:3      | Reached skill level 6 in Bows
  3114 | D:3      | Found a faded altar to an unknown god.
  3514 | D:3      | Reached skill level 3 in Fighting
  3613 | D:4      | Noticed JokEr's ghost (novice FoAK)
  3944 | D:4      | Slain by JokEr's ghost

Vault maps used:
D:1:      saegor_arrival_simple_a, minmay_crystal_room
D:2:      first_bread
D:3:      ecumenical_altar_1, kennysheep_generic_room_3
D:4:      grunt_ministairs_10

Vanquished Creatures
  2 adders
  An ooze
  3 worms
  A giant gecko
  2 orcs
  15 hobgoblins
  3 jackals
  5 kobolds
  2 quokkas
  A ball python
  7 bats
  5 giant cockroaches
  6 giant newts
  8 goblins
  3 rats
64 creatures vanquished.
